 Dungeon Crawl Stone Soup version 0.27-a0-291-gd9602db6ee (webtiles) character file.

Game seed: 9362775058796465443

4481 Fenrir042 the Cleaver (level 10, -3/90 HPs)
             Began as a Minotaur Berserker on Feb 9, 2021.
             Was a High Priest of Trog.
             Slain by a troll (7 damage)
             ... on level 9 of the Dungeon.
             The game lasted 00:24:27 (8370 turns).

Fenrir042 the Cleaver (Minotaur Berserker)          Turns: 8370, Time: 00:24:28

Health: -3/90      AC: 13    Str: 24    XL:     10   Next: 16%
Magic:  9/9        EV: 11    Int:  4    God:    Trog [*****.]
Gold:   469        SH:  5    Dex: 11    Spells: 9/9 levels left

rFire    . . .     SeeInvis +   a - +0 hand axe
rCold    + . .     Faith    .   (no shield)
rNeg     . . .     Spirit   .   m - +0 chain mail
rPois    .         Reflect  +   e - +2 hat
rElec    .         Harm     .   x - scarf {repulsion}
rCorr    .         Rampage  .   (no gloves)
Will     .....                  (no boots)
Stlth    ..........             r - amulet of reflection
HPRegen  0.25/turn              v - ring of see invisible
MPRegen  0.11/turn              N - ring of protection from cold

@: berserk cooldown, slowed, repel missiles, very slow
A: retaliatory headbutt, horns 2
a: Renounce Religion, Berserk, Trog's Hand, Brothers in Arms


You were on level 9 of the Dungeon.
You worshipped Trog.
Trog was extremely pleased with you.
You visited 1 branch of the dungeon, and saw 9 of its levels.

You collected 469 gold pieces.

Inventory:

Hand Weapons
 a - a +0 hand axe (weapon)
 p - a +0 hunting sling
 t - a +2 quarterstaff of chaos
Missiles
 q - 153 stones
Armour
 b - a +0 animal skin
 e - a +2 hat (worn)
 l - a +0 ring mail
 m - a +0 chain mail (worn)
 u - a +1 cloak
 x - a scarf of repulsion (worn)
Jewellery
 j - an uncursed amulet of regeneration
 r - an amulet of reflection (around neck)
 v - a ring of see invisible (left hand)
 B - a +6 ring of dexterity
 I - an uncursed ring of fire
 N - a ring of protection from cold (right hand)
 O - the ring of Linearity {rElec rF++ rC+ MP+9 Int-4}
   (You found it on level 8 of the Dungeon)

   [ring of protection from cold]

   It affects your intelligence (-4).
   It greatly protects you from fire.
   It protects you from cold.
   It insulates you from electricity.
   It affects your magic capacity (+9).
Wands
 A - a wand of paralysis (2)
 J - a wand of flame (3)
 M - a wand of digging (4)
Scrolls
 d - 5 scrolls of amnesia
 i - 4 scrolls of teleportation
 k - 6 scrolls of remove curse {unknown}
 w - a scroll of blinking {unknown}
 y - 2 scrolls of fog {unknown}
 z - 5 scrolls of identify
 C - a scroll of magic mapping {unknown}
 F - a scroll of fear {unknown}
 H - a scroll of immolation {unknown}
 Q - a scroll of enchant weapon {unknown}
 R - a scroll of noise
Potions
 c - 4 potions of invisibility {unknown}
 f - 3 potions of haste {unknown}
 g - a potion of degeneration {unknown}
 h - 4 potions of berserk rage {unknown}
 n - 3 potions of heal wounds {unknown}
 o - 2 potions of lignification {unknown}
 s - a potion of ambrosia {unknown}
 D - a potion of flight {unknown}
 E - 2 potions of curing {unknown}
 G - a potion of magic {unknown}
 K - a potion of attraction {unknown}
 L - 2 potions of cancellation {unknown}
 P - a potion of brilliance {unknown}


   Skills:
 + Level 8.8 Fighting
 * Level 11.6 Axes
 + Level 8.3 Armour
 + Level 7.5 Dodging


You had 9 spell levels left.
You didn't know any spells.
Your spell library contained the following spells:

 Spells                   Type           Power        Failure   Level
 Freeze                   Ice            0%           97%         1
 Frozen Ramparts          Ice            0%           100%        3
 Ozocubu's Armour         Ice            0%           100%        3
 Cause Fear               Hex            0%           100%        4
 Hailstorm                Conj/Ice       0%           100%        4
 Summon Ice Beast         Ice/Summ       0%           100%        4
 Silence                  Hex/Air        0%           100%        5
 Yara's Violent Unravell  Hex/Tmut       0%           100%        5
 Discord                  Hex            0%           100%        8


Dungeon Overview and Level Annotations

Branches:
Dungeon (9/15)             Temple (0/1) D:7
   Lair: D:8-11         Orc: D:9-12

Altars:
Ashenzari
Elyvilon
Fedhas
Gozag
Makhleb
Qazlal
Trog
Uskayaw
Vehumet
Wu Jian
Xom
Zin
The Shining One

Shops:
D:6 *   D:9 [


Innate Abilities, Weirdness & Mutations

You reflexively headbutt those who attack you in melee.
You have a pair of horns on your head.


Message History

* * * LOW HITPOINT WARNING * * *
You barely miss the troll. You headbutt the troll!
The troll is heavily wounded.
You completely miss the troll.
The troll is heavily wounded.
You are no longer berserk.
You are exhausted.
You feel yourself slow down. The troll barely misses you. The troll claws you.
* * * LOW HITPOINT WARNING * * *
The troll claws you but does no damage. The troll bites you!
* * * LOW HITPOINT WARNING * * *
The troll claws you.
* * * LOW HITPOINT WARNING * * *
The troll claws you.
* * * LOW HITPOINT WARNING * * *
The troll barely misses you. You furiously retaliate!
You headbutt the troll. The troll barely misses you.
The troll claws you but does no damage.
The boulder beetle leaps!
The troll barely misses you. The troll claws you!
You die...

######†..######
#...# #...# #...#
#...#
#####...########
...............#
..............B#
.............@..#
#.#
######...#####T##
..# #...# #S# ..#
#...#####T###..#
#...##...z.)...#
#...##.##.##...#
#..8.8.8#○##...#
..⌠.⌠...z)S..#
#8.∩.8.###..##


You could see a boulder beetle, 2 trolls, 2 wights and an adder.

Vanquished Creatures
  Erica (D:8)
  A cyclops (D:6)
  Grinder (D:5)
  Eustachio (D:5)
  Menkaure (D:4)
  2 black bears (D:7)
  4 sky beasts
  An ice beast (D:5)
  2 ogres
  3 centaurs (D:6)
  A phantom (D:4)
  A kobold brigand (D:7)
  3 elf skeletons (D:6)
  6 bullfrogs
  A scorpion (D:9)
  3 electric eels (D:8)
  2 bullfrog zombies
  A quasit (D:8)
  2 centaur zombies (D:6)
  A bullfrog skeleton (D:8)
  A centaur skeleton (D:5)
  3 iron imps (D:6)
  A jelly (D:6)
  Crazy Yiuf (D:2)
  3 human zombies (D:6)
  An iguana (D:8)
  Natasha (twice) (D:3)
  Terence (D:2)
  4 orc wizards
  2 human skeletons (D:6)
  5 worker ants
  A hound skeleton (D:6)
  A howler monkey skeleton (D:4)
  10 adders
  2 white imps (D:6)
  An ufetubus (D:4)
  An ooze (D:4)
  An adder zombie (D:9)
  2 adder skeletons
  2 worms
  3 dart slugs
  7 leopard geckos
  29 orcs
  8 bats
  4 giant cockroaches
  10 hobgoblins
  4 jackals (D:8)
  4 quokkas
  2 ball pythons
  4 frilled lizards
  6 goblins
  A jackal skeleton (D:6)
  9 kobolds
  An orc skeleton (D:6)
  2 orc zombies (D:6)
  6 rats
183 creatures vanquished.

Vanquished Creatures (others)
  42 plants
42 creatures vanquished.

Grand Total: 225 creatures vanquished

Notes
Turn   | Place    | Note
-------+----------+-------------------------------------------
     0 | D:1      | Fenrir042 the Minotaur Berserker began the quest for the
                  | Orb.
     0 | D:1      | Reached XP level 1. HP: 19/19 MP: 0/0
    52 | D:1      | Reached XP level 2. HP: 17/27 MP: 1/1
    55 | D:1      | Reached skill level 4 in Axes
  1131 | D:2      | Reached XP level 3. HP: 30/33 MP: 2/2
  1460 | D:2      | Found a white marble altar of Elyvilon.
  1717 | D:2      | Noticed an angel
  1718 | D:2      | Found a shimmering altar of Xom.
  1719 | D:2      | Found a glowing silver altar of Zin.
  1821 | D:2      | Reached XP level 4. HP: 20/40 MP: 3/3
  1957 | D:2      | Reached ** piety under Trog
  2158 | D:2      | Noticed Terence
  2168 | D:2      | Killed Terence
  2190 | D:2      | Found a runed translucent door.
  2191 | D:2      | Noticed Crazy Yiuf
  2344 | D:2      | Killed Crazy Yiuf
  2345 | D:2      | Reached skill level 5 in Axes
  2568 | D:3      | Reached XP level 5. HP: 47/47 MP: 4/4
  2685 | D:3      | Found a hide-covered altar of Uskayaw.
  2689 | D:3      | Noticed a +0 hand axe
  2691 | D:3      | Noticed a +0 hand axe
  2813 | D:3      | Found a blossoming altar of Fedhas.
  2969 | D:3      | Found a broken altar of Ashenzari.
  3061 | D:3      | Noticed Natasha
  3065 | D:3      | Killed Natasha
  3066 | D:3      | Reached XP level 6. HP: 50/55 MP: 5/5
  3111 | D:3      | Noticed Natasha
  3118 | D:3      | Killed Natasha
  3413 | D:4      | Found a radiant altar of Vehumet.
  3419 | D:4      | Reached skill level 5 in Fighting
  3424 | D:4      | Reached skill level 6 in Axes
  3567 | D:4      | Noticed Menkaure
  3577 | D:4      | Killed Menkaure
  3778 | D:4      | Reached XP level 7. HP: 58/61 MP: 6/6
  4160 | D:5      | Entered Level 5 of the Dungeon
  4223 | D:5      | Noticed Grinder
  4230 | D:5      | Paralysed by Grinder for 3 turns
  4235 | D:5      | Killed Grinder
  4236 | D:5      | Reached skill level 7 in Axes
  4236 | D:5      | Reached skill level 5 in Armour
  4506 | D:5      | Found a stormy altar of Qazlal.
  4524 | D:5      | Reached *** piety under Trog
  4701 | D:5      | Noticed Eustachio
  4723 | D:5      | Killed Eustachio
  4724 | D:5      | Reached skill level 8 in Axes
  4724 | D:5      | Reached skill level 5 in Dodging
  4724 | D:5      | Reached XP level 8. HP: 68/71 MP: 7/7
  5396 | D:6      | Found a glowing golden altar of the Shining One.
  5581 | D:6      | Reached skill level 9 in Axes
  5642 | D:6      | Noticed a cyclops
  5652 | D:6      | Killed a cyclops
  5653 | D:6      | Reached XP level 9. HP: 79/79 MP: 8/8
  5885 | D:6      | Found an opulent altar of Gozag.
  5887 | D:6      | Found Gozag's Platinum Reserve.
  6085 | D:6      | Reached skill level 10 in Axes
  6186 | D:6      | Reached **** piety under Trog
  6357 | D:6      | Found a burning altar of Makhleb.
  6587 | D:7      | Found an ornate altar of the Wu Jian Council.
  6597 | D:7      | Found a bloodstained altar of Trog.
  6828 | D:7      | Found a staircase to the Ecumenical Temple.
  7259 | D:8      | Noticed Erica
  7269 | D:8      | Killed Erica
  7270 | D:8      | Reached skill level 11 in Axes
  7325 | D:8      | Got a coiled jade ring
  7328 | D:8      | Identified the ring of Linearity {rElec rF++ rC+ MP+9
                  | Int-4} (You found it on level 8 of the Dungeon)
  7330 | D:8      | Lost intelligence.
  7445 | D:8      | Reached XP level 10. HP: 81/90 MP: 9/9
  8091 | D:8      | Reached ***** piety under Trog
  8343 | D:9      | Found Owepap's Antique Armour Shop.
  8359 | D:9      | Noticed a boulder beetle
  8367 | D:9      | HP: 3/90 [troll (2)]
  8370 | D:9      | Slain by a troll

Illustrated notes

Levels and vault maps discovered:
D:1:      elethiomel_arrival_shortcut, layout_basic, minmay_surrounded
D:2:      wad_woods_pond, layout_rooms, grunt_temple_overflow_order_and_chaos_1,
          elyvilon_altar_4, uniq_crazy_yiuf_cottage, uniq_terence
D:3:      layout_basic, fedhas_altar_4, dancing_weapons_uskayaw,
          cheibrodos_ashenzari_chains, uniq_natasha
D:4:      layout_cave_pools, vehumet_crystals, chequers_serial_rivers_small_3,
          nrook_mini_vaults, uniq_menkaure
D:5:      layout_basic, grunt_qazlal_clouds, kennysheep_doodads, uniq_grinder,
          uniq_eustachio
D:6:      hangedman_cross_stitches, layout_basic, demons_altar,
          nicolae_overflow_crystal_walls, nicolae_ossuary_entry_catacombs,
          grunt_ministairs_13, nicolae_gozag_zags_fifth_avenue
D:7:      layout_loops_ring, trog_ov_bears_minmay, nzn_wu_jian_council_hall,
          minmay_temple_entry_ruins
D:8:      layout_rooms, serial_curves, eino_curves_01, eino_curves_02,
          chequers_big_river, uniq_erica
D:9:      layout_loops_cross, cheibriados_altar_1, serial_shops,
          nicolae_shop_temple_entry_statues_fountains, shop, shop_fountains,
          nicolae_shop_crystal, minmay_bent

Skill      XL: |  1  2  3  4  5  6  7  8  9 |
---------------+----------------------------+-----
Axes           | 4 5 6 8 9 11 | 11.6
Fighting       | 4 5 6 7 8 |  8.8
Armour         | 3 4 5 6 8 |  8.3
Dodging        | 3 4 5 6 7 |  7.5

Action                   |  1- 3 |  4- 6 |  7- 9 | 10-12 || total
-------------------------+-------+-------+-------+-------++-------
Melee: Hand axe          |    82 |   103 |   289 |    81 ||   555
       Headbutt          |     8 |    30 |   101 |    17 ||   156
Invok: Berserk           |       |     4 |     4 |     1 ||     9
       Trog's Hand       |       |     1 |       |     1 ||     2
  Use: Scroll            |       |     6 |     3 |       ||     9
Armor: Animal skin       |    10 |       |       |       ||    10
       Chain mail        |    30 |    57 |   103 |    16 ||   206
Dodge: Dodged            |    43 |    33 |   121 |    27 ||   224
       Repelled          |       |       |     2 |     1 ||     3
Block: Other             |       |    15 |    35 |     5 ||    55
       Reflection        |       |       |     1 |     1 ||     2

Table legend: (Time is in decaauts)
 A = Elapsed time spent in this place.
 B = Non-inter-level travel time spent in this place.
 C = Inter-level travel time spent in this place.
 D = Time resting spent in this place.
 E = Time spent auto-exploring this place.
 F = Levels seen in this place.
 G = Mean time per level.
                   A        B        C        D        E       F      G
               +--------+--------+--------+--------+--------+-----+--------+
         Total |   8430 |   8195 |    235 |    174 |   6628 |   9 |  936.7 |
       Dungeon |   8430 |   8195 |    235 |    174 |   6628 |   9 |  936.7 |
               +--------+--------+--------+--------+--------+-----+--------+

Top non-repeatable levels by time:
     D:2: 1499 daAuts
     D:6: 1268 daAuts
     D:8: 1105 daAuts
     D:5: 1101 daAuts
     D:1: 1008 daAuts
     D:3: 885 daAuts
     D:4: 816 daAuts
     D:7: 690 daAuts
     D:9: 53 daAuts
